 Dungeon Crawl Stone Soup version 0.29.1-14-g9c671dbff4 (webtiles) character file.

Game seed: 1420670243776211873

147 Cape the Charlatan (level 5, -5/45 HPs)
             Began as a Minotaur Artificer on Feb 16, 2023.
             Engulfed by a cloud of flame (24 damage)
             ... on level 3 of the Dungeon.
             The game lasted 00:14:25 (3031 turns).

Cape the Charlatan (Minotaur Artificer)             Turns: 3031, Time: 00:14:25

Health: -5/45      AC:  5    Str: 25    XL:     5   Next: 7%
Magic:  4/4        EV: 11    Int:  8    God:
Gold:   41         SH:  6    Dex: 15    Spells: 4/4 levels left

rFire   . . .      SeeInvis .   r - +0 hand axe
rCold   . . .      Faith    .   b - +2 buckler
rNeg    . . .      Spirit   .   m - +2 leather armour "Qibrug" {Rampage Dex+5}
rPois   +          Reflect  .   (helmet restricted)
rElec   .          Harm     .   (no cloak)
rCorr   .          Rampage  +   (no gloves)
Will    .....                   (no boots)
Stlth   +.........              (no amulet)
HPRegen 0.15/turn               j - ring of poison resistance
MPRegen 0.09/turn               k - +6 ring of strength

@: flying
A: horns 2, retaliatory headbutt
a: no special abilities


You were on level 3 of the Dungeon.
You visited 1 branch of the dungeon, and saw 3 of its levels.

You collected 83 gold pieces.
You spent 42 gold pieces at shops.

Inventory:

Hand Weapons
 r - a +0 hand axe (weapon)
Missiles
 l - 5 boomerangs (quivered)
Armour
 b - a +2 buckler (worn)
 m - the +2 leather armour "Qibrug" (worn) {Rampage Dex+5}
   (You found it on level 2 of the Dungeon)

   Dex:       It affects your dexterity (+5).
   Rampage:   It bestows one free step when moving towards enemies.
 o - a +0 plate armour
Jewellery
 j - a ring of poison resistance (left hand)
 k - a +6 ring of strength (right hand)
Wands
 c - a wand of flame (18)
 d - a wand of charming (14)
 e - a wand of iceblast (5)
Scrolls
 a - a scroll of immolation
 q - a scroll of identify
Potions
 g - a potion of cancellation {unknown}
 h - a potion of haste
 i - a potion of berserk rage
 n - a potion of lignification {unknown}
 p - 2 potions of curing {unknown}


   Skills:
 * Level 3.5 Fighting
 * Level 0.2 Axes
 + Level 3.4 Armour
 - Level 1.1 Dodging
 - Level 0.7 Stealth
 + Level 1.7 Shields
 + Level 3.8 Evocations


You had 4 spell levels left.
You didn't know any spells.
Your spell library was empty.

Dungeon Overview and Level Annotations

Branches:
Dungeon (3/15)

Altars:
Elyvilon

Shops:
D:3 !


Innate Abilities, Weirdness & Mutations

You have a pair of horns on your head.
You reflexively headbutt those who attack you in melee.


Message History

You kill the quokka!
No target in view!
You see here a quokka corpse.
You open the door.
Found Lox Himu's Distillery.
No target in view!
There is an open door here.
There is an entrance to Lox Himu's Distillery here.
f - a potion of flight Thank you for shopping at Lox Himu's Distillery!
There is an open door here.
Found a gold piece.
Cleave: r) +0 hand axe
Press: ? - help, Dir - move target Your weapon can't reach that far!
Okay, then.
You feel very buoyant.
You fly up into the air.
Really fly into a travel-excluded area?
Uppercase [Y]es or [N]o only, please.
Really fly into a travel-excluded area? [Y]es or [N]o only, please.
Really fly into a travel-excluded area?
Uppercase [Y]es or [N]o only, please.
Really fly into a travel-excluded area? [Y]es or [N]o only, please.
Really fly into a travel-excluded area? [Y]es or [N]o only, please.
Really fly into a travel-excluded area?
Really fly into that cloud of flame? [Y]es or [N]o only, please.
Really fly into that cloud of flame?
You are engulfed in blazing flames.
Ouch! That really hurt!
Really fly into that cloud of flame? [Y]es or [N]o only, please.
Really fly into that cloud of flame?
You are engulfed in blazing flames.
Ouch! That really hurt!
You die...

#.#.......#..#.#...##
#.#..........#.##...#
#)#.#####...#####...## #<#.#
#○○☼# #....### ###.# #§§.#
#......# ###.# #§§§#
#......####
#..<#####...#####.........#####
#....°.§.$.$.☼§☼.......##.†....
#....§§...$..○@§..#######......
#....§☼..$$$.§○°.## #.#....
#...#####...###### #.#+#..
###...# #§☼.# #.+∩'.. #..†..#
#§§§# ###+#.. #.....# #☼§§ ..#
#.....### ... ####
#.......####.# #.......##.#.#


There were no monsters in sight!

Vanquished Creatures
  A necrophage (D:3)
  2 adders
  A dart slug (D:1)
  4 orcs (D:3)
  6 endoplasms
  5 giant cockroaches
  9 goblins
  2 hobgoblins (D:2)
  8 kobolds
  3 quokkas
  6 ball pythons
  2 bats
  A frilled lizard (D:2)
  6 rats
56 creatures vanquished.

Vanquished Creatures (others)
  A ball python (D:3)
1 creature vanquished.

Grand Total: 57 creatures vanquished

Notes
Turn   | Place    | Note
-------+----------+-------------------------------------------
     0 | D:1      | Cape the Minotaur Artificer began the quest for the Orb.
     0 | D:1      | Reached XP level 1. HP: 16/16 MP: 0/0
   167 | D:1      | Reached XP level 2. HP: 24/24 MP: 1/1
  1147 | D:2      | Found a white marble altar of Elyvilon.
  1210 | D:2      | Identified the +2 leather armour "Qibrug" {Rampage Dex+5}
  1311 | D:2      | Reached XP level 3. HP: 30/30 MP: 2/2
  1399 | D:2      | Found a faded altar of an unknown god.
  2103 | D:3      | Reached skill level 1 in Shields
  2159 | D:3      | Reached XP level 4. HP: 26/37 MP: 3/3
  2251 | D:3      | Noticed a necrophage
  2290 | D:3      | Killed a necrophage
  2709 | D:3      | Reached XP level 5. HP: 45/45 MP: 4/4
  3008 | D:3      | Found Lox Himu's Distillery.
  3011 | D:3      | Bought a potion of flight for 42 gold pieces
  3031 | D:3      | Engulfed by a cloud of flame

Illustrated notes

Levels and vault maps discovered:
D:1:      wheals_arrival_shading, layout_loops_ring
D:2:      layout_basic, shapermc_ecumenical_altar_totnotflames, basic_altar,
          minmay_split_cup_large
D:3:      minmay_evil_eye, layout_basic, serial_shops,
          nicolae_shop_behind_doors, minmay_misc_feat_cross,
          hangedman_decor_peaks_small, lemuel_flame_loot_1

Skill      XL: |  1  2  3  4 |
---------------+-------------+-----
Fighting       | 2 3 |  3.5
Evocations     | 3 |  3.8
Armour         | 3 |  3.4
Shields        | 1 |  1.7
Axes           | |  0.2
Dodging        | |  1.1
Stealth        | |  0.7

Action                   |  1- 3 |  4- 6 || total
-------------------------+-------+-------++-------
Melee: Short sword       |    94 |    11 ||   105
       Headbutt          |    19 |     7 ||    26
       Club              |     1 |       ||     1
       Hand axe          |       |    19 ||    19
Evoke: Wand              |     1 |     5 ||     6
  Use: Scroll            |     4 |       ||     4
       Potion            |       |     2 ||     2
 Stab: Sleeping          |     4 |     1 ||     5
Armor: Leather armour    |    22 |     6 ||    28
Dodge: Dodged            |    50 |    14 ||    64
Block: Buckler           |    18 |    15 ||    33
